 Dungeon Crawl Stone Soup version 0.24.0-123-gd5b16e6ec5 (webtiles) character file.

Game seed: 16101102305063390980, levelgen mode: deterministic

252 Frederic the Cutter (level 6, -7/41 HPs)
             Began as a Halfling Fighter on Dec 23, 2019.
             Killed from afar by an orc wizard (11 damage)
             ... with a magic dart
             ... on level 4 of the Dungeon on Dec 24, 2019.
             The game lasted 00:16:14 (3429 turns).

Frederic the Cutter (Halfling Fighter)              Turns: 3429, Time: 00:16:15

Health: -7/41      AC:  7    Str: 18    XL:     6   Next: 36%
Magic:  6/6        EV: 11    Int:  6    God:
Gold:   203        SH:  9    Dex: 15    Spells: 5/5 levels left

rFire    . . .     SeeInvis .   a - +0 rapier
rCold    . . .     Gourm    .   c - +0 shield
rNeg     . . .     Faith    .   b - +0 scale mail
rPois    .         Spirit   .   (no helmet)
rElec    .         Reflect  .   (no cloak)
rCorr    .         Harm     .   (no gloves)
MR       .....                  (no boots)
Stlth    ..........             (no amulet)
HPRegen  0.13/turn              (no ring)
MPRegen  0.10/turn              (no ring)

@: no status effects
A: small, mutation resistance 1
a: no special abilities


You were on level 4 of the Dungeon.
You were not hungry.

You visited 1 branch of the dungeon, and saw 4 of its levels.

You collected 203 gold pieces.

Inventory:

Hand Weapons
 a - a +0 rapier (weapon)
 l - a cursed +0 hunting sling
Armour
 b - a +0 scale mail (worn)
 c - a +0 shield (worn)
 g - a +2 leather armour of magic resistance
 i - a +0 pair of boots
 k - a +0 pair of gloves
Scrolls
 n - a scroll of remove curse {unknown}
 t - a scroll of enchant armour {unknown}
 u - a scroll of random uselessness {unknown}
Potions
 d - a potion of might
 e - 3 potions of brilliance
 h - a potion of invisibility {unknown}
 j - a potion of mutation {unknown}
 m - 2 potions of heal wounds
 o - 2 potions of curing {unknown}
 p - a potion of lignification {unknown}
 q - 3 potions of agility
 r - a potion of degeneration {unknown}
 v - a potion of berserk rage {unknown}
Comestibles
 f - 7 rations
 s - 2 chunks of flesh


   Skills:
 - Level 2.6 Fighting
 * Level 5.1 Short Blades
 + Level 4.3 Armour
 * Level 3.8 Dodging
 - Level 3.2 Shields


You had 5 spell levels left.
You didn't know any spells.
Your spell library was empty.

Dungeon Overview and Level Annotations

Branches:
Dungeon (4/15)
 Temple: D:4-7

Altars:


Innate Abilities, Weirdness & Mutations

You are small and have problems with some larger weapons.
You are somewhat resistant to further mutation.


Message History

Something hits you but does no damage. The orc hits you but does no damage.
The orc priest misses you.
You hit the orc priest but do no damage.
The orc priest is moderately wounded.
Something hits you but does no damage. The orc barely misses you.
The orc priest invokes the aid of Beogh against you.
Pain shoots through your body!
* * * LOW HITPOINT WARNING * * *
You puncture the orc priest!
The orc priest is almost dead.
Something barely misses you. You block the orc's attack.
The orc priest calls down the wrath of Beogh upon you.
Pain shoots through your body!
* * * LOW HITPOINT WARNING * * *
Something hits you but does no damage. Something hits you but does no damage.
There is an open door, spattered with blood here.
The orc wizard points at you and mumbles some strange words.
The magic dart hits you!
You die...

####
#[..#.........#
...#
##...#.........#
...#
#....#.........#
####
#....########..#
...#
#....##....##..#
...#
#....#.........#
...#
#....#.........#
...#
#...##....##..#
...#
#..@########..#
...#
#..o..........#
...#
#.............#
####
+....oo.......#
...#
#...##....##..#
...#
#...###'####..#
...#
#..$..........#
...#
#.............#
...#
#.............#


You could see an orc priest, an orc wizard and an orc.

Vanquished Creatures
  A howler monkey (D:4)
  A crimson imp (D:4)
  Jessica (D:2)
  Robin (D:2)
  5 adders
  3 oozes
  2 worms (D:3)
  2 dart slugs
  3 leopard geckos
  3 orcs
  2 ball pythons (D:1)
  A giant cockroach (D:3)
  5 hobgoblins
  4 jackals (D:2)
  3 quokkas
  5 bats
  2 frilled lizards
  13 goblins
  5 kobolds
  11 rats
73 creatures vanquished.

Notes
Turn   | Place    | Note
-------+----------+-------------------------------------------
     0 | D:1      | Frederic the Halfling Fighter began the quest for the Orb.
     0 | D:1      | Reached XP level 1. HP: 15/15 MP: 1/1
   234 | D:1      | Reached skill level 1 in Dodging
   234 | D:1      | Reached XP level 2. HP: 17/20 MP: 2/2
   239 | D:1      | Reached skill level 3 in Short Blades
   367 | D:1      | Reached XP level 3. HP: 25/25 MP: 3/3
   591 | D:2      | Noticed Robin
  1066 | D:2      | Killed Robin
  1066 | D:2      | Reached XP level 4. HP: 24/30 MP: 4/4
  1281 | D:2      | Noticed Jessica
  1291 | D:2      | You fall into a shaft and drop 1 floor!
  1597 | D:2      | Reached skill level 4 in Short Blades
  1681 | D:2      | You fall into a shaft and drop 2 floors!
  1686 | D:4      | Reached XP level 5. HP: 35/35 MP: 5/5
  1846 | D:3      | Reached XP level 6. HP: 37/41 MP: 6/6
  1925 | D:2      | Killed Jessica
  2094 | D:2      | Reached skill level 5 in Short Blades
  2515 | D:3      | Noticed an ogre
  3429 | D:4      | Killed from afar by an orc wizard

Levels and vault maps discovered:
D:1:      lemuel_arrival_lava_pool, layout_rooms, minmay_shallow_snake_nest
D:2:      layout_rooms, first_ration, uniq_robin, uniq_jessica
D:3:      layout_rooms
D:4:      layout_gridville

Skill      XL: |  1  2  3  4  5  6 |
---------------+-------------------+-----
Dodging        | 1 2 3 |  3.8
Short Blades   | 3 4 5 |  5.1
Armour         | 4 |  4.3
Fighting       | |  2.6
Shields        | |  3.2

Action                   |  1- 3 |  4- 6 || total
-------------------------+-------+-------++-------
Melee: Rapier            |   129 |   205 ||   334
  Use: Scroll            |       |     4 ||     4
  Eat: Chunk             |     1 |     4 ||     5
       Ration            |       |     1 ||     1
Armor: Scale mail        |    45 |    67 ||   112
Dodge: Dodged            |    57 |    99 ||   156
Block: Shield            |    65 |    83 ||   148
